 Dungeon Crawl Stone Soup version 0.27.0-65-ge2af304b15 (webtiles) character file.

Game seed: 256783785915391955

1487 BOMJPIETVODKU the Digger (level 8, 0/59 HPs)
             Began as a Gnoll Earth Elementalist on Aug 19, 2021.
             Killed by Olgreb's Toxic Radiance
             ... invoked by Descartes's ghost
              (3 damage)
             ... on level 6 of the Dungeon.
             The game lasted 00:21:27 (8248 turns).

BOMJPIETVODKU the Digger (Gnoll Earth Elementalist) Turns: 8248, Time: 00:21:28

Health: 0/59       AC:  9    Str:  8    XL:     8   Next: 80%
Magic:  12/17      EV: 14    Int: 17    God:
Gold:   80         SH:  0    Dex: 12    Spells: 13/19 levels left

rFire    + + .     SeeInvis +   t - +3 whip
rCold    + . .     Faith    .   (no shield)
rNeg     . . .     Spirit   .   q - +5 robe of Night {Dark Will+ SInv}
rPois    .         Reflect  .   o - +1 hat
rElec    .         Harm     .   f - scarf {rC+ rF+}
rCorr    .         Rampage  .   s - +0 pair of gloves
Will     +....                  (no boots)
Stlth    +++.......             (no amulet)
HPRegen  0.19/turn              v - ring of protection from fire
MPRegen  0.15/turn              (no ring)

@: lethally poisoned (0 -> -4)
A: fangs 1, strong nose, distributed training
a: no special abilities


You were on level 6 of the Dungeon.
You visited 1 branch of the dungeon, and saw 6 of its levels.

You collected 136 gold pieces.
You spent 56 gold pieces at shops.

Inventory:

Hand Weapons
 g - a +0 dagger
 t - a +3 whip (weapon)
 B - a +3 halberd
Missiles
 c - 22 stones
 k - 8 boomerangs
 C - 4 atropa-tipped darts
Armour
 b - a +0 robe
 f - a scarf of resistance (worn)
 m - a +2 cloak
 n - a +0 ring mail of fire resistance
 o - a +1 hat (worn)
 q - the +5 robe of Night (worn) {Dark Will+ SInv}
   (You acquired it on level 5 of the Dungeon)

   It shrouds the wearer in darkness, reducing the range at which they can see
   and be seen by others.
   SInv:      It lets you see invisible.
   Will:      It increases your willpower.
 s - a +0 pair of gloves (worn)
Magical Staves
 D - a staff of earth
Jewellery
 v - a ring of protection from fire (left hand)
Wands
 x - a wand of mindburst (14)
 y - a wand of iceblast (7)
 A - a wand of paralysis (5)
Scrolls
 e - a scroll of teleportation
 i - a scroll of brand weapon
 r - a scroll of identify
 z - a scroll of fear
Potions
 a - a potion of curing
 d - a potion of invisibility
 h - a potion of haste
 j - a potion of brilliance
 l - a potion of lignification {unknown}
 p - 2 potions of mutation {unknown}
 u - 2 potions of ambrosia {unknown}
 w - 2 potions of might


   Skills:
 + Level 3.6 Fighting
 + Level 3.6 Short Blades
 + Level 3.6 Long Blades
 + Level 3.6 Axes
 + Level 3.6 Maces & Flails
 + Level 3.6 Polearms
 + Level 3.6 Staves
 + Level 3.6 Slings
 + Level 3.6 Bows
 + Level 3.6 Crossbows
 + Level 3.6 Throwing
 + Level 3.6 Armour
 + Level 5.9 Dodging
 + Level 5.6 Stealth
 + Level 3.6 Shields
 + Level 3.6 Unarmed Combat
 + Level 6.2 Spellcasting
 + Level 2.9 Conjurations
 + Level 2.9 Hexes
 + Level 2.9 Summonings
 + Level 2.9 Necromancy
 + Level 2.9 Translocations
 + Level 3.7 Transmutations
 + Level 2.9 Fire Magic
 + Level 2.9 Ice Magic
 + Level 2.9 Air Magic
 + Level 6.2 Earth Magic
 + Level 2.9 Poison Magic
 + Level 4.0 Invocations
 + Level 3.6 Evocations


You had 13 spell levels left.
You knew the following spells:

 Your Spells              Type           Power      Damage    Failure   Level
a - Sandblast             Erth           52%        2d12      1%          1
b - Passwall              Tmut/Erth      18%        N/A       2%          2
c - Stone Arrow           Conj/Erth      42%        3d9       5%          3

Your spell library contained the following spells:

 Spells                   Type           Power      Damage    Failure   Level
 Ensorcelled Hibernation  Hex/Ice        30%        N/A       5%          2
 Spider Form              Tmut/Pois      8%         N/A       10%         3
 Petrify                  Tmut/Erth      22%        N/A       16%         4
 Olgreb's Toxic Radiance  Pois           15%        N/A       36%         4
 Shadow Creatures         Summ           N/A        N/A       99%         6
 Ozocubu's Refrigeration  Ice            7%         4d6       100%        7
 Ignition                 Fire           7%         3d5       100%        8


Dungeon Overview and Level Annotations

Branches:
Dungeon (6/15)
 Temple: D:4-7

Altars:
Fedhas

Shops:
D:1 ?   D:4 (   D:5 !

Annotations:
D:6 Descartes's ghost, novice FeVM


Innate Abilities, Weirdness & Mutations

You have very sharp teeth.
Your uncanny sense of smell can sniff out nearby items.
Your experience applies equally to all skills.


Message History

You feel sick. The bullfrog hits you.
* * * LOW HITPOINT WARNING * * *
Descartes's ghost hits you but does no damage.
The bullfrog hits you but does no damage.
You feel better. The bullfrog hits you.
Descartes's ghost stares at you and mumbles some strange words.
The magic dart hits you.
* * * LOW HITPOINT WARNING * * *
You feel better.
The bullfrog hits you but does no damage.
A giant cockroach comes into view.
Descartes's ghost ripples.
Descartes's ghost hits you but does no damage.
The worm splashes around in the water.
The bullfrog hits you but does no damage.
Aiming: Sandblast (safe; 1% risk of failure)
Press: ? - help, Q - select action, (/) - cycle Shift-Dir - straight line, f - bullfrog
Aim: a bullfrog (severely wounded, 76% to hit)
The blast of sand misses the bullfrog.
Descartes's ghost hits you. The bullfrog closely misses you.
The worm splashes around in the water.
Aiming: Sandblast (safe; 1% risk of failure)
Press: ? - help, Q - select action, (/) - cycle Shift-Dir - straight line, f/p - bullfrog
Aim: a bullfrog (severely wounded, 76% to hit)
The blast of sand hits the bullfrog!
You kill the bullfrog!
Descartes's ghost hits you!
* * * LOW HITPOINT WARNING * * *
Your Invocations skill increases to level 4!
Descartes's ghost mumbles some strange words.
Descartes's ghost begins to radiate toxic energy.
* * * LOW HITPOINT WARNING * * *
You are poisoned.
There is an open door here.
You feel sick.
* * * LOW HITPOINT WARNING * * *
You are lethally poisoned!
* * * LOW HITPOINT WARNING * * *
You feel sick.
You die...

#....#....
#...>#....
#....#...####### ..
#....#...#≈≈≈≈≈≈
..#....#...w†B≈≈(≈
#.##'###..W#≈≈≈≈≈≈
##.##.#####'#######
#............#
#.........@..#
#............#
#............#
###...##.##.##
#...##.####
#.<.....# #.......#
#.......# #.......#


You could see a worm and Descartes's ghost (toxic aura).

Vanquished Creatures
  A two-headed ogre (D:5)
  A black bear (D:5)
  An ogre (D:2)
  2 bullfrogs (D:6)
  A scorpion (D:5)
  An orc priest (D:4)
  3 jellies (D:5)
  A centaur skeleton (D:6)
  Ijyb (D:5)
  Jessica (D:2)
  An iguana (D:5)
  4 gnolls (D:5)
  11 adders
  A shadow imp (D:5)
  3 white imps (D:5)
  An ufetubus (D:5)
  2 worms
  A dart slug (D:4)
  12 orcs
  4 ball pythons
  6 bats
  9 endoplasms
  A giant cockroach (D:3)
  7 goblins
  6 hobgoblins
  21 jackals
  5 quokkas
  5 frilled lizards
  8 kobolds
  3 rats (D:1)
124 creatures vanquished.

Vanquished Creatures (others)
  15 plants (D:5)
15 creatures vanquished.

Grand Total: 139 creatures vanquished

Notes
Turn   | Place    | Note
-------+----------+-------------------------------------------
     0 | D:1      | BOMJPIETVODKU the Gnoll Earth Elementalist began the quest
                  | for the Orb.
     0 | D:1      | Reached XP level 1. HP: 13/13 MP: 6/6
   183 | D:1      | Reached XP level 2. HP: 18/19 MP: 4/7
   764 | D:1      | Found a faded altar of an unknown god.
   897 | D:1      | Found Lacougoiff's Magic Scroll Emporium.
   905 | D:1      | Reached XP level 3. HP: 24/25 MP: 7/9
   939 | D:1      | Reached skill level 5 in Spellcasting
  1642 | D:2      | Reached skill level 1 in Invocations
  1684 | D:2      | Reached skill level 1 in Fighting
  1684 | D:2      | Reached skill level 1 in Short Blades
  1684 | D:2      | Reached skill level 1 in Long Blades
  1684 | D:2      | Reached skill level 1 in Axes
  1684 | D:2      | Reached skill level 1 in Maces & Flails
  1684 | D:2      | Reached skill level 1 in Polearms
  1684 | D:2      | Reached skill level 1 in Staves
  1684 | D:2      | Reached skill level 1 in Slings
  1684 | D:2      | Reached skill level 1 in Bows
  1684 | D:2      | Reached skill level 1 in Crossbows
  1684 | D:2      | Reached skill level 1 in Throwing
  1684 | D:2      | Reached skill level 1 in Armour
  1684 | D:2      | Reached skill level 1 in Shields
  1684 | D:2      | Reached skill level 1 in Unarmed Combat
  1684 | D:2      | Reached skill level 1 in Evocations
  1684 | D:2      | Reached XP level 4. HP: 31/32 MP: 2/11
  1897 | D:3      | Reached skill level 1 in Conjurations
  1897 | D:3      | Reached skill level 1 in Hexes
  1897 | D:3      | Reached skill level 1 in Summonings
  1897 | D:3      | Reached skill level 1 in Necromancy
  1897 | D:3      | Reached skill level 1 in Translocations
  1897 | D:3      | Reached skill level 1 in Fire Magic
  1897 | D:3      | Reached skill level 1 in Ice Magic
  1897 | D:3      | Reached skill level 1 in Air Magic
  1897 | D:3      | Reached skill level 1 in Poison Magic
  2223 | D:2      | Noticed an ogre
  2363 | D:2      | Killed an ogre
  2364 | D:2      | Reached XP level 5. HP: 37/37 MP: 7/12
  3032 | D:2      | Found a blossoming altar of Fedhas.
  3067 | D:2      | Noticed Jessica
  3074 | D:2      | Killed Jessica
  3075 | D:2      | Reached XP level 6. HP: 44/44 MP: 10/13
  4067 | D:4      | Reached skill level 5 in Dodging
  4436 | D:4      | Learned a level 2 spell: Passwall
  5382 | D:4      | Found Biugeesi's Weapon Emporium.
  5717 | D:5      | Entered Level 5 of the Dungeon
  5733 | D:5      | Noticed Ijyb
  5742 | D:5      | Paralysed by Ijyb for 7 turns
  5750 | D:5      | Killed Ijyb
  5908 | D:5      | Noticed a black bear
  5924 | D:5      | Killed a black bear
  5925 | D:5      | Reached XP level 7. HP: 32/50 MP: 7/15
  6109 | D:5      | Found Paof's Distillery.
  6120 | D:5      | Bought a potion of might for 56 gold pieces
  6406 | D:5      | Identified a scroll of acquirement
  6406 | D:5      | Acquired the +5 robe of Night {Dark Will+ SInv}
  6406 | D:5      | Found the +5 robe of Night {Dark Will+ SInv}
  7009 | D:5      | Reached skill level 5 in Stealth
  7204 | D:5      | Noticed a two-headed ogre
  7240 | D:5      | Killed a two-headed ogre
  7241 | D:5      | Reached XP level 8. HP: 19/58 MP: 9/17
  7650 | D:5      | Learned a level 3 spell: Stone Arrow
  8226 | D:6      | Found a runed translucent door.
  8230 | D:6      | Noticed Descartes's ghost (novice FeVM)
  8248 | D:6      | Killed from afar by Descartes's ghost

Illustrated notes

Levels and vault maps discovered:
D:1:      amcnicky_arrival_choice, layout_loops_corners, basic_ecumenical_altar,
          serial_shops, shop_fountains
D:2:      layout_loops_cross, basic_altar, uniq_jessica
D:3:      layout_basic
D:4:      layout_cave_pods, serial_co_window_serial, co_window_corner_a,
          co_window_paths_b, co_window_cross_1, co_window_of_opportunity_a,
          co_window_paths_a, co_window_broadway_c, co_window_of_opportunity_c,
          co_window_cross_2, co_window_2corner, co_window_4corner_a,
          glass_columns_a, glass_columns_a, glass_columns_a,
          nicolae_take_the_stairs, chequers_serial_rivers_micro_b,
          chequers_serial_rivers_room_a
D:5:      layout_basic, serial_shops, shop, serial_bayou, serial_bayou_pond_d,
          serial_bayou_pond_d, serial_bayou_ford_a, serial_bayou_shore_a,
          kennysheep_big_empty_room, uniq_ijyb
D:6:      layout_gridville, marbit_many_paths, ebering_ghost_sewer_f

Skill      XL: |  1  2  3  4  5  6  7  8 |
---------------+-------------------------+-----
Transmutations | 2 3 |  3.7
Spellcasting   | 5 6 |  6.2
Invocations    | 1 2 3 4 |  4.0
Fighting       | 1 2 3 |  3.6
Short Blades   | 1 2 3 |  3.6
Long Blades    | 1 2 3 |  3.6
Axes           | 1 2 3 |  3.6
Maces & Flails | 1 2 3 |  3.6
Polearms       | 1 2 3 |  3.6
Staves         | 1 2 3 |  3.6
Slings         | 1 2 3 |  3.6
Bows           | 1 2 3 |  3.6
Crossbows      | 1 2 3 |  3.6
Throwing       | 1 2 3 |  3.6
Armour         | 1 2 3 |  3.6
Shields        | 1 2 3 |  3.6
Unarmed Combat | 1 2 3 |  3.6
Evocations     | 1 2 3 |  3.6
Conjurations   | 1 2 |  2.9
Hexes          | 1 2 |  2.9
Summonings     | 1 2 |  2.9
Necromancy     | 1 2 |  2.9
Translocations | 1 2 |  2.9
Fire Magic     | 1 2 |  2.9
Ice Magic      | 1 2 |  2.9
Air Magic      | 1 2 |  2.9
Poison Magic   | 1 2 |  2.9
Dodging        | 5 |  5.9
Stealth        | 5 |  5.6
Earth Magic    | 6 |  6.2

Action                   |  1- 3 |  4- 6 |  7- 9 || total
-------------------------+-------+-------+-------++-------
Melee: Unarmed           |    14 |       |       ||    14
       Bite              |     5 |     8 |     3 ||    16
       Dagger            |    33 |       |       ||    33
       Short sword       |     7 |    66 |       ||    73
       Whip              |       |    49 |    37 ||    86
       Punch             |       |     1 |     1 ||     2
 Cast: Sandblast         |    35 |    84 |    47 ||   166
       Passwall          |       |     2 |     1 ||     3
  Use: Scroll            |     1 |     2 |     7 ||    10
       Potion            |       |       |     3 ||     3
 Stab: Sleeping          |     4 |     8 |     2 ||    14
Armor: Robe              |     7 |    36 |    28 ||    71
Dodge: Dodged            |    42 |   108 |    42 ||   192
